 Dungeon Crawl Stone Soup version 0.21.1-1-g345015f (webtiles) character file.

7484 rlgrobin the Stinger (level 10, 0/56 HPs)
             Began as a Demonspawn Venom Mage on Feb 10, 2018.
             Was a Priest of Vehumet.
             Killed by their own static electricity (2 damage)
             ... on level 2 of the Lair of Beasts.
             The game lasted 01:10:11 (14170 turns).

rlgrobin the Stinger (Demonspawn Venom Mage)       Turns: 14170, Time: 01:10:12

Health: 0/56       AC: 13    Str:  8    XL:     10   Next: 94%
Magic:  4/20       EV: 15    Int: 23    God:    Vehumet [***...]
Gold:   650        SH:  0    Dex: 14    Spells: 3/22 levels left

rFire    . . .     SeeInvis +     - Unarmed
rCold    + . .     Gourm    .   (no shield)
rNeg     . . .     Faith    +   y - +3 leather armour "Otevud" {rC+ Int+3}
rPois    .         Spirit   .   (helmet restricted)
rElec    .         Reflect  .   B - +0 cloak
rCorr    .         Harm     .   (no gloves)
MR       .....                  (no boots)
Stlth    +++++.....             d - amulet of faith {!P}
HPRegen  0.58/turn              G - ring of ice
MPRegen  0.17/turn              h - ring of fire

@: lethally poisoned (0 -> -4), sanguine armour
A: horns 1, see invisible, frail 1, mutation resistance 1, nightstalker 2,
regeneration 1, spiny 1, sanguine armour 1
a: Renounce Religion


You were on level 2 of the Lair of Beasts.
You worshipped Vehumet.
Vehumet was most pleased with you.
You were not hungry.

You visited 3 branches of the dungeon, and saw 12 of its levels.

You collected 650 gold pieces.


Innate Abilities, Weirdness & Mutations

You have a pair of small horns on your head.
You are significantly more attuned to the shadows.
You are partially covered in sharp spines.
When seriously injured, your bleeding wounds create armour. (AC +6)
You have supernaturally acute eyesight. (SInv)
You are frail. (-10% HP)
You are somewhat resistant to further mutation.
Your natural rate of healing is unusually fast.


   Skills:
 + Level 6.8 Dodging
 + Level 7.4 Stealth
 - Level 4.4 Unarmed Combat
 + Level 6.9 Spellcasting
 + Level 7.3 Conjurations
 + Level 7.8 Poison Magic


You had 3 spell levels left.
You knew the following spells:

 Your Spells              Type           Power        Failure   Level  Hunger
c - Mephitic Cloud        Conj/Pois/Air  ####....     1%          3    None
u - Magic Dart            Conj           ####         1%          1    None
x - Venom Bolt            Conj/Pois      #####.....   4%          5    #####..
y - Poisonous Vapours     Pois/Air       ####..       3%          2    None
z - Sting                 Conj/Pois      ####         1%          1    None
X - Olgreb's Toxic Radia  Pois           #####...     1%          4    ###....
Z - Static Discharge      Conj/Air       ###.....     2%          3    None

Inventory:

Armour
 a - a +1 robe
 e - a +0 robe of resistance
 g - a cursed +0 pair of gloves
 l - a +0 shield
 p - a +0 pair of gloves
 s - a +0 buckler
 y - the +3 leather armour "Otevud" (worn) {rC+ Int+3}

   It affects your intelligence (+3).
   It protects you from cold.
 B - a +0 cloak (worn)
 D - a +0 pair of gloves
Jewellery
 d - an amulet of faith (around neck) {!P}
 h - a ring of fire (right hand)
 o - an uncursed amulet of the gourmand
 q - an uncursed amulet of rage
 v - an uncursed amulet of magic regeneration
 G - a ring of ice (left hand)
Wands
 t - a wand of polymorph (13)
 A - a wand of flame (54)
 C - a wand of iceblast (5)
Scrolls
 f - 3 scrolls of magic mapping
 n - 3 scrolls of enchant armour
 u - a scroll of immolation {!r}
 w - 2 scrolls of remove curse
 F - 2 scrolls of identify {@r1}
 I - a scroll of teleportation {@r4}
Potions
 i - 4 potions of curing {@q1}
 j - 2 potions of brilliance
 k - 2 potions of flight
 m - 3 potions of degeneration {!q}
 r - a potion of lignification {!q}
 x - a potion of cancellation
 z - a potion of might {unknown}
 E - 2 potions of haste {@q3}
 J - a potion of agility
Books
 b - a Young Poisoner's Handbook

   Spells                             Type                      Level
   a - Sting                          Conjuration/Poison           1
   b - Poisonous Vapours              Poison/Air                   2
   c - Mephitic Cloud                 Conjuration/Poison/Air       3
   d - Olgreb's Toxic Radiance        Poison                       4
   e - Venom Bolt                     Conjuration/Poison           5
Comestibles
 c - 15 rations
 H - 6 chunks of flesh

Dungeon Overview and Level Annotations

Branches:
Dungeon (9/15)             Temple (1/1) D:6            Lair (2/6) D:9
 Shoals (0/4) Lair:2       Spider (0/4) Lair:2
    Orc: D:9-12

Altars:
Ashenzari
Cheibriados
Dithmenos
Elyvilon
Fedhas
Gozag
Hepliaklqana
Kikubaaqudgha
Makhleb
Okawaru
Qazlal
Ru
Sif Muna
Trog
Uskayaw
Vehumet
Xom
Yredelemnul
Zin
The Shining One

Shops:
D:4 :

Annotations:
D:5 Menkaure
D:7 othur's ghost, novice MiFi

▒........▒....▒
▒.......▒.▒...▒
▒.......▒▒▒...▒▒ ▒
▒........ ▒....▒▒▒
▒.......▒ ▒.......
▒...▒....▒▒.......
▒...... ▒).......
▒▒F..... ▒....f▒▒▒
▒f6..(.. ▒▒...▒▒
▒▒...▒.. ▒....▒
▒....... ▒▒...▒▒
▒▒...▒.. ▒.....▒
▒▒...▒.. ▒▒...▒▒
▒....... ▒....▒
▒▒...f... ▒▒...▒▒
▒▒...f...▒▒....▒▒▒
▒........▒▒.....P▒


You could see a spiny frog.


Message History

The spiny frog barely misses you!
You now have 9/20 mp!
Unknown command!
Your blood armour dries and flakes away!
Some of the chunks of flesh in your inventory have rotted away!
The spiny frog stings you!!!!!! * * * don't die
* * * Your blood congeals into armour!
You are poisoned!
The spiny frog poisons you!!!
You take 17 damage, and have 22/56 hp!
MASSIVE DAMAGE!!!!!!
The spiny frog is struck by lightning!
The spiny frog is heavily wounded!
The lightning arcs!!!
The fungus is struck by lightning!
The fungus is lightly damaged!
The lightning grounds out!
You feel sick!
The spiny frog stings you!!! * * * don't die
* * * You take 17 damage, and have 5/56 hp!
MASSIVE DAMAGE!!!!!!
You now have 7/20 mp!
Unknown command!
The fungus is struck by lightning!
The fungus is moderately damaged!
The lightning arcs!!!
You are struck by lightning! * * * don't die
* * * The lightning arcs!!!
The fungus is struck by lightning!
The fungus is heavily damaged!
The lightning grounds out!
The spiny frog is struck by lightning!
The spiny frog is severely wounded!
The lightning arcs!!!
You are struck by lightning! rip

Action                   |  1- 3 |  4- 6 |  7- 9 | 10-12 || total
-------------------------+-------+-------+-------+-------++-------
Melee: Unarmed           |    40 |    27 |   156 |    54 ||   277
       Headbutt          |     5 |     5 |    23 |    10 ||    43
       Bite              |       |       |     4 |     5 ||     9
 Cast: Sting             |    78 |    54 |    44 |    31 ||   207
       Poisonous Vapours |     2 |    46 |    40 |    27 ||   115
       Mephitic Cloud    |       |     7 |     6 |     1 ||    14
       Magic Dart        |       |       |    78 |    29 ||   107
       Venom Bolt        |       |       |    18 |    12 ||    30
       Static Discharge  |       |       |       |    12 ||    12
Evoke: Wand              |       |       |     1 |     1 ||     2
  Use: Potion            |     2 |       |     4 |     1 ||     7
       Scroll            |     1 |     7 |     5 |     1 ||    14
 Stab: Distracted        |       |       |     1 |       ||     1
       Sleeping          |       |       |     1 |       ||     1
  Eat: Chunk             |     4 |    23 |    21 |    11 ||    59
       Ration            |       |       |     3 |       ||     3
Armor: Robe              |    22 |    20 |     7 |       ||    49
       Skin              |       |       |    11 |       ||    11
       Leather armour    |       |       |    28 |    21 ||    49
Dodge: Dodged            |    79 |    56 |   125 |    74 ||   334

Vault maps used:
D:1:      onia_arrival_larder, minivault_14, kennysheep_pointless_box
D:2:      okawaru_altar_gauntlet_db
D:3:      grunt_dithmenos_smoke, portal_sewer_entry_f, roderic_filled_cross,
          kennysheep_generic_room_16
D:4:      grunt_temple_overflow_open, serial_shops, kennysheep_mini,
          first_ration, uniq_blork_the_orc, uniq_robin
D:5:      nemelex_xobeh_ov_fountains_minmay, serial_park_tiny_1, uniq_menkaure,
          uniq_pikel
D:6:      old_standard_altar, lemuel_zombie_altar_kikubaaqudgha, temple_statues,
          hangedman_decor_push, minmay_lizard_king
D:7:      lemuel_coloured_pillars_altar, lemuel_doored_altar,
          nicolae_ru_great_annihilating_truth
D:8:      grunt_qazlal_clouds, overflow_temple_1_default, enter_bailey_3,
          uniq_grum, uniq_joseph
D:9:      lemuel_round_altar, lair_entry_dummy
Temple:   nicolae_temple_figure_zero
Lair:1:   st_stairs_6, serial_bayou_pond_b
Lair:2:   elwin_shoals_entry_rocks, spider_nest_entry_rubble

Notes
Turn   | Place    | Note
-------+----------+-------------------------------------------
     0 | D:1      | rlgrobin the Demonspawn Venom Mage began the quest for the Orb.
     0 | D:1      | Reached XP level 1. HP: 13/13 MP: 3/3
   641 | D:1      | Reached skill level 2 in Stealth
   641 | D:1      | Gained mutation: You have a pair of small horns on your head. [demonic ancestry]
   641 | D:1      | Reached XP level 2. HP: 12/19 MP: 3/5
   654 | D:1      | Reached skill level 2 in Dodging
  1307 | D:1      | Reached XP level 3. HP: 24/24 MP: 0/6
  1616 | D:1      | You fall through a shaft!
  1632 | D:2      | Learned a level 2 spell: Poisonous Vapours
  2065 | D:2      | Reached XP level 4. HP: 28/30 MP: 2/7
  2305 | D:2      | Reached skill level 2 in Conjurations
  2794 | D:2      | Found an iron altar of Okawaru.
  3288 | D:3      | Reached XP level 5. HP: 35/35 MP: 4/9
  3485 | D:3      | Found a shadowy altar of Dithmenos.
  3746 | D:3      | Learned a level 3 spell: Mephitic Cloud
  4415 | D:4      | Reached skill level 3 in Stealth
  4415 | D:4      | Reached skill level 3 in Spellcasting
  4502 | D:4      | Noticed Blork the orc
  4525 | D:4      | Killed Blork the orc
  4525 | D:4      | Reached skill level 4 in Poison Magic
  4525 | D:4      | Gained mutation: You are partially covered in sharp spines. [demonic ancestry]
  4525 | D:4      | Reached XP level 6. HP: 8/41 MP: 0/10
  4787 | D:4      | Reached skill level 3 in Dodging
  5036 | D:4      | Found Vutode Largh's Book Shoppe.
  5056 | D:4      | Noticed Robin
  5057 | D:4      | Found a deep blue altar of Sif Muna.
  5326 | D:4      | Killed Robin
  5435 | D:4      | Found a shimmering altar of Xom.
  5593 | D:5      | Entered Level 5 of the Dungeon
  5668 | D:5      | Noticed Pikel
  5668 | D:5      | Noticed a slave
  5668 | D:5      | Noticed a slave
  5669 | D:5      | Noticed a slave
  5669 | D:5      | Noticed a slave
  5770 | D:4      | Killed Pikel
  5770 | D:4      | Reached skill level 4 in Stealth
  5770 | D:4      | Reached skill level 4 in Spellcasting
  5770 | D:4      | Reached skill level 3 in Conjurations
  5770 | D:4      | Reached XP level 7. HP: 17/46 MP: 0/13
  6159 | D:5      | Noticed Menkaure
  6177 | D:5      | Learned a level 5 spell: Venom Bolt
  6242 | D:6      | Reached skill level 5 in Poison Magic
  6259 | D:6      | Reached skill level 4 in Dodging
  6402 | D:6      | Reached skill level 4 in Conjurations
  6418 | D:6      | Gained mutation: You are slightly more attuned to the shadows. [demonic ancestry]
  6418 | D:6      | Reached XP level 8. HP: 44/52 MP: 6/14
  6817 | D:6      | Identified a +0 robe of resistance (You took it off Pikel on level 4 of the Dungeon)
  6898 | D:6      | Found a staircase to the Ecumenical Temple.
  6908 | Temple   | Entered the Ecumenical Temple
  7049 | Temple   | Became a worshipper of Vehumet
  7149 | D:6      | Found an opulent altar of Gozag.
  7640 | D:6      | Found an ancient bone altar of Kikubaaqudgha.
  8185 | D:7      | Found a hazy altar of Hepliaklqana.
  8230 | D:7      | Noticed othur's ghost (novice MiFi)
  8261 | D:7      | Got a fine leather armour
  8452 | D:7      | Learned a level 4 spell: Olgreb's Toxic Radiance
  8500 | D:7      | Identified the +3 leather armour "Otevud" {rC+ Int+3} (You found it on level 7 of the Dungeon)
  8521 | D:7      | Reached skill level 5 in Stealth
  8620 | D:7      | Gained mutation: You have very sharp teeth. [potion of mutation]
  8620 | D:7      | Gained mutation: Your system is resistant to poisons. (rPois) [potion of mutation]
  8620 | D:7      | Gained mutation: Your mind is acute. (Int +2) [potion of mutation]
  8639 | D:7      | Reached * piety under Vehumet
  8639 | D:7      | Offered knowledge of Magic Dart by Vehumet.
  8652 | D:7      | Reached skill level 5 in Conjurations
  8763 | D:7      | Found a sacrificial altar of Ru.
  8774 | D:7      | Learned a level 1 spell: Magic Dart
  8778 | D:7      | Reached skill level 5 in Spellcasting
  8930 | D:8      | Found a snail-covered altar of Cheibriados.
  9207 | D:8      | Reached skill level 5 in Dodging
  9207 | D:8      | Reached skill level 6 in Poison Magic
  9207 | D:8      | Gained mutation: When seriously injured, your bleeding wounds create armour. (AC +6) [demonic ancestry]
  9207 | D:8      | Reached XP level 9. HP: 42/57 MP: 12/16
  9239 | D:8      | Reached skill level 1 in Unarmed Combat
  9304 | D:8      | Lost mutation: Your system is resistant to poisons. (rPois) [potion of mutation]
  9304 | D:8      | Gained mutation: You have supernaturally acute eyesight. (SInv) [potion of mutation]
  9304 | D:8      | Gained mutation: You are robust. (+10% HP) [potion of mutation]
  9304 | D:8      | Gained mutation: Your natural rate of healing is unusually fast. [potion of mutation]
  9316 | D:8      | Found a flagged portal.
  9434 | D:8      | Noticed Joseph
  9553 | D:8      | Killed Joseph
  9682 | D:8      | Noticed Grum
  9694 | D:8      | Offered knowledge of Shock by Vehumet.
  9694 | D:8      | Reached skill level 2 in Unarmed Combat
  9713 | D:8      | Reached ** piety under Vehumet
 10010 | D:8      | Found a stormy altar of Qazlal.
 10107 | D:8      | Killed Grum
 10107 | D:8      | Reached skill level 6 in Stealth
 10479 | D:9      | Reached skill level 6 in Conjurations
 10656 | D:9      | Found a staircase to the Lair.
 11339 | D:9      | Found a bloodstained altar of Trog.
 11450 | D:9      | Reached skill level 3 in Unarmed Combat
 11533 | D:9      | Reached skill level 6 in Spellcasting
 11822 | Lair:1   | Entered Level 1 of the Lair of Beasts
 11826 | D:9      | Offered knowledge of Static Discharge by Vehumet.
 11826 | D:9      | Gained mutation: You are significantly more attuned to the shadows. [demonic ancestry]
 11826 | D:9      | Reached XP level 10. HP: 69/69 MP: 13/19
 11844 | D:9      | Learned a level 3 spell: Static Discharge
 11882 | Lair:1   | Reached skill level 7 in Poison Magic
 12054 | Lair:1   | Reached skill level 6 in Dodging
 12475 | Lair:1   | Reached *** piety under Vehumet
 12797 | Lair:1   | Reached skill level 7 in Stealth
 12856 | Lair:1   | Noticed a four-headed hydra
 13028 | Lair:2   | Found a hole to the Spider Nest.
 13039 | Lair:2   | Reached skill level 4 in Unarmed Combat
 13039 | Lair:2   | Reached skill level 7 in Conjurations
 13226 | Lair:2   | Noticed a black mamba
 13231 | Lair:2   | Killed a black mamba
 13463 | Lair:2   | Noticed a spiny frog
 13469 | Lair:2   | Killed a spiny frog
 13501 | Lair:2   | Found a staircase to the Shoals.
 14009 | Lair:2   | Noticed a spiny frog
 14021 | Lair:2   | Lost mutation: You have very sharp teeth. [potion of mutation]
 14021 | Lair:2   | Lost mutation: You are robust. (+10% HP) [potion of mutation]
 14021 | Lair:2   | Lost mutation: Your mind is acute. (Int +2) [potion of mutation]
 14021 | Lair:2   | Gained mutation: You are somewhat resistant to further mutation. [potion of mutation]
 14021 | Lair:2   | Gained mutation: You are frail. (-10% HP) [potion of mutation]
 14169 | Lair:2   | HP: 5/56 [spiny frog (15)]
 14170 | Lair:2   | HP: 2/56 [/static electricity (3)]
 14170 | Lair:2   | Killed from afar by themself

Vanquished Creatures
  Pikel (D:4)
  Joseph (D:8)
  A black mamba (Lair:2)
  A spiny frog (Lair:2)
  3 hippogriffs (Lair:2)
  A redback (Lair:2)
  8 yaks
  A basilisk (Lair:1)
  A hungry ghost (D:7)
  Grum (D:8)
  4 porcupines
  3 water moccasins
  2 orc warriors (D:9)
  A hornet zombie (D:8)
  An ice beast (D:9)
  2 sky beasts
  3 black bears
  3 wolves (D:8)
  3 centaurs
  3 crocodiles
  Blork the orc (D:4)
  A water moccasin zombie (D:8)
  4 bullfrogs
  A gnoll sergeant (D:9)
  2 scorpions
  4 wights (D:7)
  An electric eel (Lair:1)
  2 howler monkeys
  A crimson imp (D:8)
  2 hounds
  3 jellies
  An orc priest (D:9)
  3 orc wizards
  A bullfrog skeleton (D:6)
  2 iguanas
  4 worker ants
  A hound skeleton (D:8)
  Robin (D:4)
  15 gnolls
  7 adders
  2 worms
  7 dart slugs
  12 leopard geckos
  14 orcs
  A bat zombie (D:6)
  6 giant cockroaches
  22 goblins
  13 hobgoblins
  8 jackals
  4 ball pythons
  7 bats
  4 frilled lizards
  A jackal skeleton (D:7)
  12 kobolds
  A leopard gecko skeleton (D:6)
  2 leopard gecko zombies
  7 rats
  2 rat zombies (D:6)
226 creatures vanquished.

Vanquished Creatures (others)
  An ogre (D:5)
  A plant (D:6)
2 creatures vanquished.

Grand Total: 228 creatures vanquished
